Get step-by-step instructions on how to execute this build order below. Start the game timer, and the build order will tick by so you can play in parallel with StarCraft on a second screen or mobile device.

Game Time

  0:00

Last Step

  N/A

Next Step

Upcoming Step



Don't want to look back and forth between 2 screens? Try out our Overwolf App, the Spawning Tool Build Advisor to get an in-game overlay with this build!

Complete Build Order

  12  0:00  Drone  
  13  0:12  Overlord  
  13  0:17  Drone  
  14  0:30  Drone  
  14  0:31  Drone  
  14  0:34  Drone  
  17  0:45  Drone  
  18  0:56  Hatchery  
  17  1:06  Drone  
  18  1:12  Spawning Pool  
  18  1:16  Drone  
  18  1:17  Extractor  
  17  1:20  Drone  
  18  1:28  Drone  
  19  1:46  Overlord  
  19  2:01  Queen  
  21  2:08  Queen  
  21  2:10  Drone  
  21  2:11  Drone x3  
  27  2:17  Metabolic Boost  
  27  2:20  Drone  
  28  2:28  Drone  
  28  2:29  Roach Warren  
  28  2:30  Drone  
  28  2:33  Drone  
  28  2:36  Extractor  
  29  2:43  Zergling x2  
  30  2:44  Zergling x2  
  31  2:53  Zergling x2  
  31  2:54  Zergling x2  
  33  3:41  Zergling x6  
  33  3:46  Overlord x2  
  35  3:50  Overlord x5  
  35  4:08  Zergling x4  
  35  4:09  Zergling x2  
  38  4:12  Lair  
  38  4:14  Queen  
  40  4:18  Drone  
  35  4:48  Roach x6  
  35  4:49  Roach  
  35  4:50  Roach x2  
  53  4:54  Extractor  
  53  4:55  Drone, Extractor  
  52  5:00  Spore Crawler  
  51  5:13  Drone x3  
  54  5:16  Glial Reconstitution  
  54  5:19  Burrow  
  54  5:21  Roach  
  54  5:22  Roach  
  54  5:23  Roach x2  
  61  5:51  Roach x5  
  61  5:52  Roach  
  61  5:53  Roach  
  75  6:05  Ravager  
  75  6:06  Ravager x2  
  75  6:07  Ravager  
  75  6:10  Roach  
  75  6:11  Roach  
  83  6:34  Tunneling Claws  
  83  6:44  Drone  
  83  6:45  Overlord x4  
  83  6:46  Overlord, Spine Crawler  
  83  7:20  Roach x5  
  77  7:49  Roach x11  
  43  9:06  Roach x5  
  44  9:31  Drone x3  
  44  9:33  Spire  
  44  9:34  Drone x7  
  44  9:35  Drone x2  
  44  9:51  Drone x6  
  50  9:59  Spore Crawler  
  49  10:02  Hatchery  
  48  10:14  Roach x4  
  56  10:15  Roach  
  56  10:16  Roach x4  
  66  10:22  Evolution Chamber  
  66  10:23  Evolution Chamber  
  66  10:26  Spore Crawler  
  63  10:59  Mutalisk x6  
  63  11:00  Mutalisk  
  63  11:02  Mutalisk x5  
  63  11:03  Mutalisk x3  
  91  11:09  Mutalisk  
  77  11:28  Mutalisk x3  
  83  11:40  Mutalisk x2  
  85  11:50  Drone x3  
  85  11:52  Queen  
  90  12:00  Mutalisk x2  
  94  12:24  Mutalisk x2